 Dungeon Crawl Stone Soup version 0.29.1-12-g30fa7ad0bf (webtiles) character file.

Game seed: 12866732746889864205

236896 Lutefisk the Stormcaller (level 19, 0/81 HPs)
             Began as a Tengu Air Elementalist on Jan 8, 2023.
             Was a High Priest of Sif Muna.
             Engulfed by an ophan's blessed fire (1 damage)
             ... on level 3 of the Abyss.
             The game lasted 03:31:32 (16132 turns).

Lutefisk the Stormcaller (Tengu Air Elementalist)  Turns: 16132, Time: 03:31:33

Health: 0/81       AC: 11    Str:  9    XL:     19   Next: 22%
Magic:  17/34      EV: 27    Int: 20    God:    Sif Muna [*****.]
Gold:   915        SH: 14    Dex: 23    Spells: 2/42 levels left

rFire   + . .      SeeInvis .   a - +7 trident of the Kidney {vorpal, rN+}
rCold   + . .      Faith    .   h - +1 kite shield {AC+3}
rNeg    + + .      Spirit   .   C - +0 troll leather armour of Optimism {Regen+ MP+9 Str+3 Stlth+}
rPois   .          Reflect  .   V - +2 hat
rElec   +          Harm     .   n - scarf {rC+ rF+}
rCorr   .          Rampage  .   l - +1 pair of gloves {Dex+3}
Will    +....      Rage     9%  (boots unavailable)
Stlth   ++........              c - amulet of magic regeneration
HPRegen 0.00/turn               i - ring of Tant {rElec rN+ Int+5 Dex-3}
MPRegen 0.64/turn               k - +9 ring of dexterity

@: swift (expiring), sick, flying quickly and evasively, inhibited regen,
hasted, glowing, studying Throwing, unable to read, unable to drink, very quick
A: beak, talons 3, nimble flight, [berserk 2], [clumsy 2], [deformed body],
[deterioration 2], [dopey 2], [frail 3], [low MP 3], [screaming 2], [inhibited
regeneration], ([teleportitis 2]), [weak 2], [no potion heal 2], [subdued magic
3], [inability to drink after injury 2], [inability to read after injury 2]
}: 2/15 runes: serpentine, barnacled
a: Renounce Religion, Channel Magic, Forget Spell, Divine Exegesis


You were on level 3 of the Abyss.
You worshipped Sif Muna.
Sif Muna was extremely pleased with you.
You visited 6 branches of the dungeon, and saw 29 of its levels.
You visited the Abyss 1 time.
You also visited: Ossuary, Bailey, Ice Cave and Desolation.

You collected 2624 gold pieces.
You spent 1709 gold pieces at shops.

Inventory:

Hand Weapons
 a - the +7 trident of the Kidney (weapon) {vorpal, rN+}
   (You took it off a merfolk on level 4 of the Shoals)

   It inflicts extra damage upon your enemies.
   rN:        It protects you from negative energy.
 K - the +5 broad axe of Pojaiwk {elec, Drain rElec rF+ Str+4}
   (You found it in the Desolation of Salt)

   It occasionally discharges a powerful burst of electricity upon striking a
   foe.
   Str:       It affects your strength (+4).
   rF:        It protects you from fire.
   rElec:     It insulates you from electricity.
   Drain:     It drains your maximum health when unequipped.
Missiles
 D - a throwing net (quivered)
Armour
 h - a +1 kite shield of protection (worn)
 j - the +3 warlock's mirror {reflect}
   (You found it in the Desolation of Salt)

   It can block and reflect piercing ranged attacks and magical attacks against
   the wielder's willpower.
 l - a +1 pair of gloves of dexterity (worn)
 n - a scarf of resistance (worn)
 C - the +0 troll leather armour of Optimism (worn) {Regen+ MP+9 Str+3 Stlth+}
   (You found it in a bailey)

   Str:       It affects your strength (+3).
   MP:        It affects your magic capacity (+9).
   Regen:     It increases your rate of health regeneration.
   Stlth:     It makes you more stealthy.
 M - the +4 leather armour of Hide-and-Seek {Rampage rCorr Dex+2}
   (You found it on level 10 of the Dungeon)

   Dex:       It affects your dexterity (+2).
   rCorr:     It protects you from acid and corrosion.
   Rampage:   It bestows one free step when moving towards enemies.
 S - a +2 cloak of poison resistance
 V - a +2 hat (worn)
Magical Staves
 W - a staff of conjuration
Jewellery
 c - an amulet of magic regeneration (around neck)
 i - the ring of Tant (left hand) {rElec rN+ Int+5 Dex-3}
   (You took it off a deep elf annihilator on level 3 of the Elven Halls)

   [ring of positive energy]

   Int:       It affects your intelligence (+5).
   Dex:       It affects your dexterity (-3).
   rElec:     It insulates you from electricity.
   rN:        It protects you from negative energy.
 k - a +9 ring of dexterity (right hand)
 p - a ring of protection from cold
 x - the ring "Dujihug" {rPois Str+9 Int+3 Stlth-}
   (You found it in the Desolation of Salt)

   [ring of poison resistance]

   Str:       It affects your strength (+9).
   Int:       It affects your intelligence (+3).
   rPois:     It protects you from poison.
   Stlth:     It makes you less stealthy.
 y - the ring of Cahub {rC+ rN+++ rCorr MP+9 Slay-5}
   (You took it off a deep elf high priest on level 3 of the Elven Halls)

   [ring of magical power]

   Slay:      It affects your accuracy & damage with ranged weapons and melee
   (-5).
   rC:        It protects you from cold.
   rN:        It renders you almost immune to negative energy.
   MP:        It affects your magic capacity (+9).
   rCorr:     It protects you from acid and corrosion.
 I - a ring of see invisible
 O - an amulet of the acrobat
 U - a ring of willpower
 X - the ring of Dixuch {rPois Int+3}
   (You took it off a deep elf blademaster on level 3 of the Elven Halls)

   [ring of poison resistance]

   Int:       It affects your intelligence (+3).
   rPois:     It protects you from poison.
 Y - a ring of wizardry
Wands
 w - a wand of digging (11)
 B - a wand of roots (1)
 J - a wand of charming (22)
Scrolls
 q - 3 scrolls of fear
 r - 4 scrolls of brand weapon
 s - 2 scrolls of butterflies
 t - 5 scrolls of enchant weapon
 u - 3 scrolls of enchant armour
 v - 5 scrolls of vulnerability
 L - 7 scrolls of poison
 N - 5 scrolls of teleportation
 R - a scroll of immolation
 T - 3 scrolls of torment
Potions
 b - 4 potions of magic
 e - 3 potions of resistance
 f - 14 potions of curing
 g - 6 potions of mutation
 m - 5 potions of haste
 o - a potion of ambrosia
 z - 5 potions of lignification
 A - 3 potions of attraction
 G - 6 potions of berserk rage
 H - 3 potions of brilliance
 P - a potion of invisibility
 Q - 5 potions of might
 Z - a potion of cancellation
Miscellaneous
 E - a box of beasts
 F - a condenser vane (inert)


   Skills:
 - Level 12.0 Fighting
 - Level 2.0 Staves
 - Level 1.0 Throwing
 - Level 12.0 Armour
 - Level 15.0 Dodging
 * Level 5.4 Stealth
 - Level 10.0 Shields
 * Level 12.4 Spellcasting
 - Level 17.0 Conjurations
 - Level 2.0 Summonings
 - Level 1.0 Ice Magic
 - Level 19.0 Air Magic
 - Level 7.0 Invocations
 - Level 7.0 Evocations


You had 2 spell levels left.
You knew the following spells:

 Your Spells              Type           Power      Damage    Failure   Level
a - Shock                 Conj/Air       100%       1d9       0%          1
b - Static Discharge      Conj/Air       44%        3-9/arc   0%          2
c - Swiftness             Air            46%        N/A       0%          3
d - Airstrike             Air            23%        2d(4-20)  0%          4
e - Freezing Cloud        Conj/Ice/Air   16%        6-21      1%          5
f - Summon Lightning Spi  Summ/Air       28%        N/A       1%          4
g - Conjure Ball Lightni  Conj/Air       22%        3x3d6     1%          6
h - Lightning Bolt        Conj/Air       22%        1d37      1%          5
i - Mephitic Cloud        Conj/Pois/Air  31%        N/A       1%          3
j - Orb of Destruction    Conj           21%        9d8       6%          7

Your spell library contained the following spells:

 Spells                   Type           Power      Damage    Failure   Level
 Magic Dart               Conj           100%       1d8       0%          1
 Searing Ray              Conj           84%        2d7       0%          2
 Foxfire                  Conj/Fire      96%        2x1d8     1%          1
 Poisonous Vapours        Pois/Air       52%        N/A       1%          2
 Call Imp                 Summ           10%        N/A       5%          2
 Necrotise                Necr           24%        1d5       9%          1
 Ensorcelled Hibernation  Hex/Ice        14%        N/A       11%         2
 Sublimation of Blood     Necr           6%         N/A       14%         2
 Wereblood                Tmut           6%         N/A       14%         2
 Conjure Flame            Conj/Fire      24%        6-21      1%          3
 Dazzling Flash           Conj/Hex       48%        N/A       1%          3
 Flame Wave               Conj/Fire      24%        2d8       1%          4
 Hailstorm                Conj/Ice       25%        3d7       1%          4
 Iskenderun's Mystic Bla  Conj/Tloc      24%        2d7       1%          4
 Sticky Flame             Conj/Fire      24%        2d5       1%          4
 Iskenderun's Battlesphe  Conj           42%        2d9       1%          5
 Silence                  Hex/Air        13%        N/A       4%          5
 Corpse Rot               Necr/Pois/Air  19%        N/A       6%          4
 Fireball                 Conj/Fire      12%        3d7       7%          5
 Irradiate                Conj/Tmut      12%        3d15      7%          5
 Ozocubu's Armour         Ice            8%         N/A       19%         3
 Maxwell's Capacitive Co  Air            23%        ∞         26%         8
 Gell's Gravitas          Tloc           6%         N/A       30%         3
 Ignite Poison            Fire/Tmut/Pois 6%         N/A       30%         3
 Inner Flame              Hex/Fire       6%         N/A       30%         3
 Lesser Beckoning         Tloc           6%         N/A       30%         3
 Portal Projectile        Hex/Tloc       12%        N/A       30%         3
 Spider Form              Tmut/Pois      6%         N/A       30%         3
 Teleport Other           Tloc           6%         N/A       30%         3
 Vampiric Draining        Necr           6%         2d6       30%         3
 Iron Shot                Conj/Erth      12%        9d3       45%         6
 Starburst                Conj/Fire      12%        6d5       45%         6
 Summon Ice Beast         Ice/Summ       9%         N/A       50%         4
 Animate Armour           Summ/Erth      16%        N/A       58%         4
 Ice Form                 Ice/Tmut       7%         N/A       65%         4
 Anguish                  Hex/Necr       3%         N/A       73%         4
 Animate Dead             Necr           6%         N/A       73%         4
 Dispel Undead            Necr           6%         3d8       73%         4
 Leda's Liquefaction      Hex/Erth       3%         N/A       73%         4
 Olgreb's Toxic Radiance  Pois           6%         N/A       73%         4
 Storm Form               Tmut/Air       13%        N/A       90%         7
 Agony                    Necr           6%         N/A       98%         5
 Alistair's Intoxication  Tmut/Pois      4%         N/A       98%         5
 Blade Hands              Tmut           3%         N/A       98%         5
 Borgnjor's Vile Clutch   Necr/Erth      3%         N/A       98%         5
 Death Channel            Necr           3%         N/A       100%        6
 Eringya's Noxious Bog    Tmut/Pois      3%         N/A       100%        6
 Statue Form              Tmut/Erth      4%         N/A       100%        6
 Dragon Form              Tmut           3%         N/A       100%        7
 Haunt                    Necr/Summ      4%         N/A       100%        7
 Ozocubu's Refrigeration  Ice            4%         4d8       100%        7
 Summon Hydra             Summ           5%         N/A       100%        7
 Discord                  Hex            3%         N/A       100%        8
 Ignition                 Fire           3%         3d4       100%        8
 Infestation              Necr           3%         N/A       100%        8
 Necromutation            Tmut/Necr      3%         N/A       100%        8
 Chain Lightning          Conj/Air       22%        3d29      100%        9


Dungeon Overview and Level Annotations

Branches:
Dungeon (11/15)            Temple (0/1) D:5            Lair (5/5) D:11
 Shoals (4/4) Lair:3        Snake (4/4) Lair:3        Slime (0/5) Lair:4
    Orc (2/2) D:10            Elf (3/3) Orc:2       Ossuary (visited)
 Bailey (visited)           IceCv (visited)         Desolation (visited)

Altars:
Ashenzari
Dithmenos
Fedhas
Gozag
Hepliaklqana
Kikubaaqudgha
Okawaru
Ru
Sif Muna
Uskayaw
Wu Jian
Xom
The Shining One
Lugonu

Shops:
D:10 ((   Orc:2 *[:(   Elf:3 [   Snake:2 =   Snake:3 *?[(*

Portals:
Abyss: Lair:5
Trove: D:10 (give +3 gold dragon scales)

Annotations:
Lair:4 Rupert
Shoals:1 Aizul
Shoals:2 3 runed translucent doors
Snake:2 1 runed translucent door, Rudyous's ghost, adept MiFi
Snake:4 Vashnia


Innate Abilities, Weirdness & Mutations

You have a beak for a mouth.
You have claws for feet.
Your magical nature lets you fly swiftly and evasively.
[You have an uncontrollable temper.]
[You are very clumsy. (Dex -4)]
[Armour fits poorly on your strangely shaped body.]
[Your body often deteriorates upon taking damage.]
[You are very dopey. (Int -4)]
[You are extremely frail. (-30% HP)]
[Your magical capacity is extremely low. (-30% MP)]
[You frequently scream uncontrollably at your foes.]
[You do not regenerate when monsters are visible.]
[((You are often teleported next to monsters.))]
[You are very weak. (Str -4)]
[Potions cannot restore your health.]
[Your spells are much easier to cast, but much less powerful.]
[You sometimes lose the ability to drink potions when taking damage.]
[You sometimes lose the ability to read scrolls when taking damage.]


Message History

You feel yourself growing ill in the presence of the ancient zyme.
There is an open door here.
An ancient zyme comes into view.
The wretched star pulses with an eldritch light!
There is an open translucent door here.
You feel ill.
There is an open translucent door here.
Tentacles burst from the starspawn's body!
The wretched star pulses with an eldritch light! 2 starspawn tentacles come into view.
You cannot read scrolls in your current state!
You have no ailments to cure.
You feel yourself speed up.
You feel ill.
An ophan comes into view.
The starspawn tentacle barely misses you.
You block the starspawn tentacle's attack.
You can read scrolls again.
The ancient zyme hits you but does no damage.
You block the ancient zyme's attack.
The ophan calls forth blessed flames!
Blessed fire suddenly surrounds you!
Really fly into that cloud of blessed fire?
You are engulfed in blessed fire.
You feel threatened and lose the ability to read scrolls!
You feel threatened and lose the ability to drink potions!
* * * LOW HITPOINT WARNING * * *
A large abomination comes into view.
You start to feel a little slower.
The ophan calls forth blessed flames!
Blessed fire suddenly surrounds you!
The starspawn tentacle is engulfed in blessed fire. x2
Really fly into that cloud of blessed fire?
You are engulfed in blessed fire.
* * * LOW HITPOINT WARNING * * *
The ophan calls forth blessed flames!
Blessed fire suddenly surrounds you!
Really fly into that cloud of blessed fire?
A small abomination comes into view.
You are engulfed in blessed fire.
You die...

#.#. Y..... #...#.x...
#...#.... #
#...#...####. #.# # #.
#...#...#.... . . #..
#...#...#.... # #.
#...#...#...#...# #.# .
#...#.§§@...+....##.....
#...X.§.#...#...#.##.#
#...#.§§#...### ... ##.
. # #G§.#....... ..# .
#.§§#.......##. ##
#.§§#.#.....##. ##.
#.<.#...##'# #. 5#
#x>>#*..#...## #.
#││x#...#X..#.# #


You could see a dire elephant (wandering), an ophan, a wretched star, a large
abomination (wandering) and a small abomination (wandering).

Vanquished Creatures
  Bai Suzhen (Snake:4)
  Jorgrun (Shoals:1)
  A deep elf master archer (Elf:3)
  2 deep elf blademasters (Elf:3)
  4 nagarajas
  4 deep elf sorcerers (Elf:3)
  An imperial myrmidon (Desolation)
  An orc warlord (Orc:2)
  3 deep elf elementalists (Elf:3)
  A war gargoyle (Desolation)
  A deep elf demonologist (Elf:3)
  2 deep elf annihilators (Elf:3)
  A crystal guardian (Desolation)
  Snorg (Orc:2)
  4 merfolk impalers
  3 ragged hierophants (Desolation)
  4 merfolk javelineers (Shoals:4)
  2 deep elf high priests (Elf:3)
  Josephine (D:10)
  A caustic shrike simulacrum (IceCv)
  A catoblepas (Lair:5)
  4 hydras
  3 salamander tyrants
  7 peacekeepers
  2 boulder beetles
  2 servants of whispers (Desolation)
  An alligator snapping turtle (Shoals:2)
  3 merfolk aquamancers (Shoals:4)
  3 merfolk avatars
  2 anacondas
  10 naga warriors
  A satyr (Shoals:4)
  5 two-headed ogres
  4 thrashing horrors
  2 orc high priests (Orc:2)
  11 dancing weapons
  13 naga sharpshooters
  2 shock serpents
  14 deep elf knights
  2 salamander mystics
  A wretched star (Abyss:3)
  9 sea snakes
  3 bog bodies (IceCv)
  3 starcursed masses (Abyss:3)
  2 spriggan simulacra (IceCv)
  10 deep elf archers
  2 naga ritualists (Snake:4)
  4 large abominations
  2 ironbound convokers (Desolation)
  16 deep elf pyromancers
  20 deep elf zephyrmancers
  A necromancer (IceCv)
  5 orc knights
  7 orc sorcerers
  3 harpies (Shoals:1)
  2 fauns (Shoals:1)
  7 manticores
  2 ugly things (Lair:5)
  8 mana vipers
  11 salamanders
  2 cyclopes (D:11)
  10 elephants
  5 guardian serpents
  Maurice (D:11)
  4 merfolk sirens
  20 black mambas
  7 water nymphs
  18 naga magi
  3 gargoyles
  Psyche (D:11)
  7 cane toads
  Maggie (D:8)
  4 molten gargoyles (Desolation)
  A smoke demon (Lair:5)
  5 komodo dragons
  2 rime drakes (Lair:5)
  9 freezing wraiths (IceCv)
  A golden dragon simulacrum (IceCv)
  An anaconda simulacrum (IceCv)
  An ancient zyme (Lair:5)
  A burning bush (Lair:1)
  An ice devil (IceCv)
  3 trolls
  13 merfolk
  20 blink frogs
  A wind drake (Shoals:2)
  30 saltlings (Desolation)
  6 dream sheep
  2 raiju (Abyss:3)
  12 small abominations
  3 snapping turtles
  5 air elementals
  5 wraiths (D:10)
  A vampire (Bailey)
  3 wyverns
  3 dire elephant simulacra (IceCv)
  9 water elementals
  A fire bat (Abyss:3)
  2 spriggans (Lair:5)
  2 ynoxinuls (Lair:5)
  2 shadows (D:10)
  4 basilisks
  2 chaos spawn (Lair:5)
  3 fire elementals
  21 yaks
  A steam dragon (D:8)
  A minotaur simulacrum (IceCv)
  3 wargs
  2 harpy simulacra (IceCv)
  38 nagas
  14 water moccasins
  An acid dragon (D:10)
  23 orc warriors
  2 sky beasts
  2 ettin simulacra (IceCv)
  An alligator simulacrum (IceCv)
  2 ice beasts
  2 black bears
  6 ogres
  6 wolves (Lair:2)
  4 centaurs
  2 kobold brigands
  7 bullfrogs
  A gnoll sergeant (D:10)
  A necrophage (D:7)
  2 elf zombies (Ossuary)
  2 scorpions
  4 earth elementals
  2 deep troll simulacra (IceCv)
  4 wights
  A troll zombie (D:10)
  4 killer bees (D:8)
  5 lindwurm simulacra (IceCv)
  9 vampire bats (Bailey)
  5 wolf zombies (Bailey)
  7 howler monkeys
  3 hounds
  12 orc priests
  2 jellies
  A human zombie (Ossuary)
  Ijyb (D:3)
  An iguana (D:5)
  34 orc wizards
  A nameless horror (Shoals:2)
  5 ogre zombies (D:10)
  2 hound zombies (Ossuary)
  4 mummies (Ossuary)
  8 gnolls
  5 adders
  3 shadow imps
  A white imp (D:6)
  3 adder zombies (Ossuary)
  A worm (D:2)
  4 dart slugs
  86 orcs
  2 endoplasms (D:2)
  6 giant cockroaches
  7 goblins
  3 hobgoblins
  8 jackals
  2 quokkas
  4 ball pythons
  5 bats
  2 frilled lizards (D:1)
  A gnoll zombie (Ossuary)
  A goblin skeleton (D:10)
  A hobgoblin skeleton (D:10)
  2 hobgoblin zombies (D:10)
  2 jackal zombies (Ossuary)
  12 kobolds
  A kobold zombie (Ossuary)
  2 orc skeletons (D:10)
  31 orc zombies
  8 rats
  A lurking horror (Abyss:3)
949 creatures vanquished.

Vanquished Creatures (collateral kills)
  A deep elf master archer (Elf:3)
  Frances (Elf:1)
  A nagaraja (Snake:4)
  A storm dragon (Shoals:4)
  A deep elf elementalist (Elf:3)
  A very ugly thing (IceCv)
  2 deep elf annihilators (Elf:3)
  A halazid warlock (Desolation)
  A crystal guardian (Desolation)
  A ragged hierophant (Desolation)
  A servant of whispers (Desolation)
  A peacekeeper (Elf:1)
  A merfolk avatar (Shoals:1)
  2 anacondas
  3 naga warriors
  A naga sharpshooter (Snake:2)
  A salamander mystic (Snake:3)
  2 sea snakes (Snake:3)
  2 naga ritualists
  A harpy (Shoals:1)
  A cyclops (Shoals:4)
  6 salamanders
  3 black mambas
  9 naga magi
  A water nymph (Shoals:4)
  3 freezing wraiths (IceCv)
  5 merfolk
  8 saltlings (Desolation)
  A dream sheep (D:9)
  3 snapping turtles
  2 air elementals
  A chaos spawn (Abyss:3)
  10 nagas
  2 orc warriors (Orc:2)
  An alligator simulacrum (IceCv)
  A gnoll sergeant (D:10)
  2 orc priests (Orc:2)
  2 orc wizards
  3 gnolls (D:10)
  4 orcs (D:10)
94 creatures vanquished.

Vanquished Creatures (others)
  A caustic shrike simulacrum (IceCv)
  A black mamba (Snake:4)
  A gnoll bouda (D:9)
  An orc wizard (Orc:2)
  6 ball lightnings
  20 fungi
  2 pillars of salt (Desolation)
  60 plants
  4 starspawn tentacles (Abyss:3)
96 creatures vanquished.

Grand Total: 1139 creatures vanquished

Notes
Turn   | Place    | Note
-------+----------+-------------------------------------------
     0 | D:1      | Lutefisk the Tengu Air Elementalist began the quest for the
                  | Orb.
     0 | D:1      | Reached XP level 1. HP: 10/10 MP: 4/4
    11 | D:1      | Found a faded altar of an unknown god.
    67 | D:1      | Reached skill level 1 in Fighting
   113 | D:1      | Reached XP level 2. HP: 16/16 MP: 1/6
   219 | D:1      | Reached XP level 3. HP: 16/22 MP: 0/7
   441 | D:2      | Reached XP level 4. HP: 21/28 MP: 1/8
   528 | D:2      | Learned a level 2 spell: Static Discharge
   532 | D:2      | Learned a level 3 spell: Swiftness
   602 | D:2      | Reached skill level 5 in Air Magic
   676 | D:3      | Noticed a scorpion
   683 | D:3      | Killed a scorpion
   684 | D:3      | Reached skill level 6 in Air Magic
   684 | D:3      | Gained mutation: Your magical nature lets you fly swiftly
                  | and evasively. [Tengu growth]
   684 | D:3      | Reached XP level 5. HP: 22/32 MP: 9/9
   716 | D:3      | You are sucked into a shaft and drop 1 floor!
   716 | D:4      | Found a shadowy altar of Dithmenos.
   806 | D:4      | Reached skill level 1 in Throwing
   806 | D:4      | Reached skill level 1 in Armour
   901 | D:4      | Noticed an ice beast
  1130 | D:4      | Reached XP level 6. HP: 37/37 MP: 10/10
  1240 | D:3      | Noticed Ijyb
  1245 | D:3      | Killed Ijyb
  1321 | D:4      | Found a sacrificial altar of Ru.
  1454 | D:5      | Entered Level 5 of the Dungeon
  1464 | D:5      | Noticed an ice beast
  1471 | D:5      | Killed an ice beast
  1472 | D:5      | Reached skill level 7 in Air Magic
  1527 | D:5      | Reached XP level 7. HP: 41/41 MP: 11/11
  1532 | D:5      | Noticed a two-headed ogre
  1597 | D:5      | Found a shimmering blue altar of Sif Muna.
  1602 | D:5      | Became a worshipper of Sif Muna the Loreminder
  1649 | D:5      | Found a staircase to the Ecumenical Temple.
  1697 | D:5      | Reached skill level 8 in Air Magic
  1761 | D:5      | Found a hazy altar of Hepliaklqana.
  1822 | D:5      | Killed a two-headed ogre
  1823 | D:5      | Reached skill level 1 in Invocations
  1823 | D:5      | Reached XP level 8. HP: 45/48 MP: 9/12
  1944 | D:6      | Learned a level 4 spell: Airstrike
  1961 | D:6      | Found a blossoming altar of Fedhas.
  1971 | D:6      | Found a glowing silver altar of Zin.
  1981 | D:6      | Found a glowing golden altar of the Shining One.
  1981 | D:6      | Found an ornate altar of the Wu Jian Council.
  1984 | D:6      | Found a shimmering altar of Xom.
  1984 | D:6      | Found an opulent altar of Gozag.
  1984 | D:6      | Found an ancient bone altar of Kikubaaqudgha.
  2173 | D:6      | Reached XP level 9. HP: 47/52 MP: 11/13
  2182 | D:6      | Reached * piety under Sif Muna
  2303 | D:7      | Reached skill level 9 in Air Magic
  2382 | D:7      | Reached skill level 10 in Air Magic
  2399 | D:7      | Reached ** piety under Sif Muna
  2436 | D:7      | Found a broken altar of Ashenzari.
  2547 | D:7      | Found a sand-covered staircase.
  2556 | Ossuary  | Entered an ossuary
  2648 | Ossuary  | Reached skill level 5 in Fighting
  2694 | Ossuary  | Identified the +2 shortbow of the Endless Expanse {flame,
                  | Dex+6}
  2789 | D:8      | Noticed Maggie
  2814 | D:8      | Killed Maggie
  2815 | D:8      | Reached skill level 5 in Conjurations
  2957 | D:8      | Reached skill level 5 in Spellcasting
  2958 | D:8      | Reached XP level 10. HP: 40/59 MP: 13/18
  3000 | D:8      | Found a hide-covered altar of Uskayaw.
  3105 | D:8      | Reached skill level 5 in Evocations
  3222 | D:9      | Noticed a two-headed ogre
  3242 | D:9      | Noticed a manticore
  3455 | D:8      | Reached *** piety under Sif Muna
  3657 | D:9      | Killed a manticore
  3714 | D:9      | Reached skill level 5 in Armour
  3714 | D:9      | Reached skill level 5 in Dodging
  3765 | D:9      | Noticed a two-headed ogre
  3825 | D:9      | Killed a two-headed ogre
  3903 | D:9      | Noticed a two-headed ogre
  3906 | D:9      | Killed a two-headed ogre
  3978 | D:9      | Reached XP level 11. HP: 37/64 MP: 9/19
  4074 | D:9      | Killed a two-headed ogre
  4075 | D:9      | Reached skill level 11 in Air Magic
  4231 | D:10     | Entered Level 10 of the Dungeon
  4465 | D:10     | Found Isyqyach's Firing Range.
  4499 | D:10     | Found an opulent altar of Gozag.
  4504 | D:10     | Reached skill level 12 in Air Magic
  4526 | D:10     | Identified the +4 leather armour of Hide-and-Seek {Rampage
                  | rCorr Dex+2}
  4559 | D:10     | Found Utucve's Antique Weapon Boutique.
  4565 | D:10     | Bought a bloodstained flail for 221 gold pieces
  4565 | D:10     | Identified the +10 flail "Huhoaniv" {flame, rPois} (You
                  | bought it in a shop on level 10 of the Dungeon)
  4585 | D:10     | Found an iron altar of Okawaru.
  4605 | D:10     | Found a portal to a secret trove of treasure.
  4648 | D:10     | Found an ancient bone altar of Kikubaaqudgha.
  4655 | D:10     | Noticed a two-headed ogre
  4659 | D:10     | Killed a two-headed ogre
  4708 | D:10     | Reached **** piety under Sif Muna
  4715 | D:10     | Found a flagged portal.
  4725 | Bailey   | Entered a bailey
  4943 | Bailey   | Reached skill level 5 in Shields
  5039 | Bailey   | Identified the +0 troll leather armour of Optimism {Regen+
                  | MP+9 Str+3 Stlth+}
  5059 | Bailey   | Identified the +2 helmet of the Battered Seers {rElec rF+}
  5120 | D:10     | Reached ***** piety under Sif Muna
  5144 | D:10     | Noticed Josephine
  5149 | D:10     | Killed Josephine
  5257 | D:10     | Found a staircase to the Orcish Mines.
  5276 | D:10     | Received a gift from Sif Muna
  5277 | D:10     | Got Ofevic's Dissertation on Damaging Peregrination {god
                  | gift}
  5320 | D:11     | Noticed Maurice
  5324 | D:11     | Killed Maurice
  5368 | D:11     | Reached skill level 5 in Invocations
  5368 | D:11     | Reached XP level 12. HP: 54/72 MP: 22/22
  5369 | D:11     | Noticed Psyche
  5370 | D:11     | Noticed a boulder beetle
  5373 | D:11     | Killed Psyche
  5397 | D:11     | Found a staircase to the Lair.
  5406 | Lair:1   | Entered Level 1 of the Lair of Beasts
  5406 | Lair:1   | Noticed a boulder beetle
  5870 | Lair:3   | Found a staircase to the Snake Pit.
  5886 | Lair:3   | Noticed an eight-headed hydra
  5994 | Lair:3   | Noticed a seven-headed hydra
  6012 | Lair:3   | Killed a seven-headed hydra
  6053 | Lair:5   | Entered Level 5 of the Lair of Beasts
  6124 | Lair:5   | Reached XP level 13. HP: 72/78 MP: 26/26
  6476 | Lair:5   | Received a gift from Sif Muna
  6477 | Lair:5   | Got Sif Muna's Volume of Ghoulish Feathers {god gift}
  6486 | Lair:5   | Learned a level 5 spell: Freezing Cloud
  6524 | Lair:5   | Reached skill level 1 in Ice Magic
  6618 | Lair:5   | Reached skill level 13 in Air Magic
  6973 | Lair:5   | Found a corrupted altar of Lugonu.
  6973 | Lair:5   | Found a one-way gate to the infinite horrors of the Abyss.
  7086 | Lair:4   | Noticed Rupert
  7137 | Lair:4   | Found a staircase to the Slime Pits.
  7249 | Lair:3   | Found a staircase to the Shoals.
  7511 | Lair:1   | Reached skill level 14 in Air Magic
  7511 | Lair:1   | Reached XP level 14. HP: 72/86 MP: 28/28
  7682 | Lair:1   | Reached skill level 15 in Air Magic
  7751 | Orc:1    | Entered Level 1 of the Orcish Mines
  7781 | Orc:1    | Received a gift from Sif Muna
  7790 | Orc:1    | Learned a level 4 spell: Summon Lightning Spire
  7864 | Orc:1    | Reached skill level 1 in Summonings
  7949 | Orc:2    | Entered Level 2 of the Orcish Mines
  8052 | Orc:2    | Reached skill level 10 in Conjurations
  8060 | Orc:2    | Noticed Snorg
  8065 | Orc:2    | Killed Snorg
  8082 | Orc:2    | Noticed an orc warlord
  8097 | Orc:2    | Killed an orc warlord
  8131 | Orc:2    | Reached skill level 10 in Fighting
  8190 | Orc:2    | Found Veujemaut's Antique Weapon Boutique.
  8210 | Orc:2    | Found Ydowoh's Book Boutique.
  8226 | Orc:2    | Found Xoyjoidi's General Store.
  8233 | Orc:2    | Bought a potion of mutation for 104 gold pieces
  8233 | Orc:2    | Bought a scroll of poison for 52 gold pieces
  8245 | Orc:2    | Found Jaosch's Antique Armour Boutique.
  8294 | Orc:2    | Received a gift from Sif Muna
  8358 | Orc:2    | Paralysed by an orc sorcerer for 5 turns
  8459 | Orc:2    | Found a staircase to the Elven Halls.
  8617 | Snake:1  | Entered Level 1 of the Snake Pit
  8796 | Snake:1  | Reached skill level 10 in Dodging
  8800 | Snake:1  | Reached skill level 10 in Armour
  8917 | Snake:1  | Reached XP level 15. HP: 92/92 MP: 27/29
  8929 | Snake:1  | Reached skill level 1 in Staves
  8965 | Snake:2  | Noticed a nagaraja
  9083 | Snake:2  | Reached skill level 10 in Shields
  9091 | Snake:2  | Found a runed translucent door.
  9091 | Snake:2  | Found a shimmering altar of Xom.
  9091 | Snake:2  | Noticed Rudyous's ghost (adept MiFi)
  9165 | Snake:2  | Found Ulieref's Book Emporium.
  9235 | Snake:2  | Learned a level 6 spell: Conjure Ball Lightning
  9242 | Snake:2  | Reached skill level 10 in Spellcasting
  9388 | Snake:2  | Found Uclinev's One-of-a-Kind Rings.
  9433 | Snake:2  | Bought a +9 ring of dexterity for 1014 gold pieces
  9542 | Snake:2  | Received a gift from Sif Muna
  9602 | Snake:2  | Killed a nagaraja
  9672 | Snake:3  | Found Fesh's General Store.
  9680 | Snake:3  | Bought a potion of heal wounds for 60 gold pieces
  9680 | Snake:3  | Bought a potion of curing for 36 gold pieces
  9794 | Snake:3  | Found Qolijer's General Store.
  9794 | Snake:3  | Found Oqesh's Magic Scroll Boutique.
  9799 | Snake:3  | Found Jibos's Weapon Shop.
  9801 | Snake:3  | Found Vikuugaq's Antique Armour Boutique.
  9810 | Snake:3  | Bought a scroll of blinking for 105 gold pieces
  9816 | Snake:3  | Bought a scroll of teleportation for 33 gold pieces
  9835 | Snake:4  | Entered Level 4 of the Snake Pit
 10126 | Snake:4  | Reached XP level 16. HP: 97/97 MP: 21/31
 10128 | Snake:4  | Noticed Bai Suzhen
 10157 | Snake:4  | Killed Bai Suzhen
 10278 | Snake:4  | Noticed a nagaraja
 10294 | Snake:4  | Killed a nagaraja
 10299 | Snake:4  | Noticed a nagaraja
 10321 | Snake:4  | Noticed a nagaraja
 10331 | Snake:4  | Killed a nagaraja
 10332 | Snake:4  | Killed a nagaraja
 10346 | Snake:4  | HP: 3/101 [naga ritualist/Olgreb's Toxic Radiance (4)]
 10425 | Snake:4  | Got a serpentine rune of Zot
 10427 | Snake:4  | Noticed a nagaraja
 10435 | Snake:4  | Killed a nagaraja
 10545 | Snake:4  | Noticed Vashnia
 10618 | Snake:4  | Received a gift from Sif Muna
 10619 | Snake:4  | Got Sif Muna's Octavo of the Birds and Malignant Liturgies
                  | {god gift}
 10645 | Snake:4  | Learned a level 5 spell: Lightning Bolt
 10724 | Snake:3  | Bought a scroll of teleportation for 42 gold pieces
 10724 | Snake:3  | Bought a scroll of teleportation for 42 gold pieces
 10760 | Snake:2  | Identified the +2 glaive "Xoatwoot" {antimagic, rC+ Str+4
                  | Dex-4}
 10946 | Shoals:1 | Entered Level 1 of the Shoals
 11024 | Shoals:1 | Noticed Aizul
 11076 | Shoals:1 | Learned a level 3 spell: Mephitic Cloud
 11127 | Shoals:1 | Noticed Jorgrun
 11235 | Shoals:1 | Reached skill level 16 in Air Magic
 11337 | Shoals:2 | Found a frozen archway.
 11346 | IceCv    | Entered an ice cave
 11617 | IceCv    | Reached XP level 17. HP: 106/106 MP: 34/34
 11707 | IceCv    | Found an ancient bone altar of Kikubaaqudgha.
 11728 | IceCv    | Reached skill level 17 in Air Magic
 11929 | IceCv    | Received a gift from Sif Muna
 12018 | IceCv    | Noticed a lich
 12187 | Shoals:2 | Found a runed translucent gate.
 12188 | Shoals:2 | Found a runed translucent gate.
 12381 | Shoals:4 | Entered Level 4 of the Shoals
 12436 | Shoals:4 | Reached skill level 18 in Air Magic
 12479 | Shoals:4 | Paralysed by an air elemental for 1 turns
 12511 | Shoals:4 | Identified the +5 long sword of Hioboyf {flame, rF- Str+3
                  | Dex+2}
 12712 | Shoals:4 | Identified the +7 trident of the Kidney {vorpal, rN+}
 12712 | Shoals:4 | Identified the ring of Enuwk {rF+ rC++}
 12750 | Shoals:4 | Identified the +3 leather armour of the Ecumenical Temple
                  | {+Inv Str-4 SInv Stlth+}
 12765 | Shoals:4 | Got a barnacled rune of Zot
 12961 | Shoals:2 | Found a runed translucent gate.
 12987 | Shoals:2 | Received a gift from Sif Muna
 12988 | Shoals:2 | Got Sif Muna's Grimoire of the Freezing Grave {god gift}
 13141 | Shoals:1 | Killed Jorgrun
 13440 | Elf:1    | Entered Level 1 of the Elven Halls
 13576 | Elf:1    | Noticed Frances
 13589 | Elf:1    | Killed Frances
 13719 | Elf:1    | Found a crumbling gateway.
 13739 | Desolati | Entered the Desolation of Salt
 13800 | Desolati | Reached XP level 18. HP: 102/112 MP: 32/35
 13964 | Desolati | Learned a level 7 spell: Orb of Destruction
 14051 | Desolati | Reached skill level 5 in Stealth
 14126 | Desolati | Found the +3 warlock's mirror {reflect}
 14156 | Desolati | Got the Handbook of Unclean Hoarfrost
 14157 | Desolati | Identified the ring "Dujihug" {rPois Str+9 Int+3 Stlth-}
 14194 | Desolati | Received a gift from Sif Muna
 14251 | Desolati | Reached skill level 15 in Conjurations
 14286 | Desolati | Identified the amulet of Oqufupae {Reflect Rampage rElec
                  | Will+ SH+5}
 14329 | Desolati | Got the Handbook of Ignition and Shapeshifting
 14331 | Desolati | Got the Incunable of Ensorcelling
 14332 | Desolati | Identified the +1 plate armour of the Past {-Cast +Inv
                  | Regen+ Str+2}
 14333 | Desolati | Identified the +5 broad axe of Pojaiwk {elec, Drain rElec
                  | rF+ Str+4}
 14433 | Desolati | Identified the ring "Ewa Gur" {rF- rN+ Will+ Int+2 Slay+4}
 14784 | Elf:2    | Paralysed by an air elemental for 1 turns
 14820 | Elf:3    | Entered Level 3 of the Elven Halls
 14830 | Elf:3    | Reached skill level 15 in Dodging
 15121 | Elf:3    | Paralysed by an air elemental for 1 turns
 15255 | Elf:3    | Received a gift from Sif Muna
 15256 | Elf:3    | Got Sif Muna's Catalogue of the Blizzard and Contamination
                  | {god gift}
 15306 | Elf:3    | Found Irarghuc's Armour Shop.
 15338 | Elf:3    | Noticed a deep elf master archer
 15345 | Elf:3    | Killed a deep elf master archer
 15346 | Elf:3    | Reached skill level 19 in Air Magic
 15368 | Elf:3    | Noticed a deep elf master archer
 15370 | Elf:3    | Paralysed by an air elemental for 1 turns
 15403 | Elf:3    | Noticed a deep elf blademaster
 15412 | Elf:3    | Killed a deep elf blademaster
 15413 | Elf:3    | Reached XP level 19. HP: 48/116 MP: 23/36
 15428 | Elf:3    | Identified the ring of Tant {rElec rN+ Int+5 Dex-3}
 15504 | Elf:3    | Identified the ring of Cahub {rC+ rN+++ rCorr MP+9 Slay-5}
 15615 | Elf:3    | Identified the +9 mace of Chance {pain, rF+ Will+ SInv}
 15615 | Elf:3    | Identified the amulet "Qepyna" {Acrobat Rampage *Slow Dex+7
                  | Stlth+}
 15627 | Elf:3    | Identified the +7 plate armour of Bexa {+Blink rElec
                  | Slay-6}
 15627 | Elf:3    | Identified the ring of Dixuch {rPois Int+3}
 15663 | Elf:3    | Paralysed by an air elemental for 1 turns
 15737 | Abyss:3  | Cast into level 3 of the Abyss (a deep elf sorcerer)
 15805 | Abyss:3  | Found a burning altar of Makhleb.
 15837 | Abyss:3  | Noticed a profane servitor
 15876 | Abyss:3  | Noticed a bone dragon
 15950 | Abyss:3  | Noticed a hellephant
 16082 | Abyss:3  | Found a corrupted altar of Lugonu.
 16092 | Abyss:3  | HP: 4/81 [stone wall collision (13)]
 16130 | Abyss:3  | HP: 1/81 [ophan] (8)]
 16132 | Abyss:3  | Engulfed by an ophan's blessed fire

Illustrated notes

Levels and vault maps discovered:
D:1:      lightli_arrival_flooded_house, layout_rooms, basic_ecumenical_altar,
          ebering_dispersal_statue_hall
D:2:      layout_rooms, minmay_box_of_dots
D:3:      layout_basic, uniq_ijyb
D:4:      layout_cave_pods, nicolae_overflow_hidden_temple,
          lemuel_coloured_pillars_altar, minmay_crossroads
D:5:      layout_loops_ring, mainiacjoe_overflow_chevrons, marbit_many_paths,
          minmay_temple_entry_grid, kennysheep_generic_room_15
D:6:      layout_basic, fedhas_ov_isle_minmay, doesnt_xom_only_xom,
          abandoned_shop
D:7:      layout_cave_pools, amcnicky_altar_gilded, nicolae_ossuary_entry_ruins,
          nicolae_benzene_ring
D:8:      layout_cave_pools, kennysheep_little_box, nrook_campfire, uniq_maggie
D:9:      layout_roguey, dreamdust_gnoll_shepherd
D:10:     layout_gridville, mainiacjoe_overflow_boulevard, okawaru_gym_becter,
          kennysheep_mini_moat, zombieorc1_lemuel, enter_trove_0,
          enter_bailey_5, serial_shops, shop, nicolae_shop_firing_range,
          uniq_josephine, uniq_gastronok
D:11:     layout_gridville, lair_entry_dummy, uniq_maurice, uniq_psyche
Lair:1:   layout_regular_city, evilmike_ambush [evilmike_ambush_outer_basic,
          evilmike_ambush_inner_cross]
Lair:2:   layout_cave_pods
Lair:3:   layout_cave_pods, elwin_shoals_entry_stream,
          minmay_snake_entry_six_corridors, amcnicky_mini_pool_medium,
          serial_bayou_shore_b, grunt_megastairs_1, infiniplex_staircase_pool
Lair:4:   layout_loops_ring, slime_entry_1, uniq_nessos, uniq_rupert
Lair:5:   hellmonk_lair_end_abyssal_woods, layout_long_grid
Shoals:1: layout_shoals, uniq_aizul, uniq_jorgrun
Shoals:2: layout_shoals, portal_ice_cave_entry_pillars_four,
          gammafunk_ghost_tricky_traps
Shoals:3: layout_shoals, nicolae_shoals_arrival_archipelago
Shoals:4: shoals_end_hellmonk_storm_palace [storm_palace_center_square,
          storm_palace_corner_narrow, storm_palace_corner_narrow,
          storm_palace_corner_narrow, storm_palace_corner_grid]
Snake:1:  layout_onion, guppyfry_library_mini
Snake:2:  layout_basic, serial_shops, nicolae_shop_behind_doors,
          ebering_ghost_xom, nicolae_shop_unique_rings, st_stairs_9,
          grunt_megastairs_3
Snake:3:  layout_rooms, serial_shops, shop, serial_bayou_shore_a,
          serial_bayou_shore_b, minmay_shoptagon
Snake:4:  snake_pit, layout_layer_cave, serial_bayou_shore_b,
          grunt_megastairs_5, uniq_vashnia, uniq_bai_suzhen
Orc:1:    layout_caves, serial_shops, nicolae_diamond_shop
Orc:2:    grunt_orc_cross, layout_caves, mines4_lemuel, uniq_snorg
Elf:1:    elf_arrival_002, layout_loops_cross,
          portal_desolation_entry_twin_temple, hangedman_elf_disciples,
          uniq_frances
Elf:2:    nicolae_elf_blades_crystal_corner, layout_gridlike,
          serial_corexii_hall, corexii_hall_statues_t, corexii_hall_statues_i,
          hangedman_glass_teeth, st_stairs_4, hangedman_elf_targetted_burst,
          uniq_louise
Elf:3:    minmay_elf_hall_quartered_circle, layout_onion_city, serial_shops,
          nicolae_shop_statue_plus
Abyss:3:  base: Elf:3, hangedman_abyss_river_spirits, minivault_25_ag,
          evilmike_abyss_rune_elephants_shrine, hangedman_cross_veins

Skill      XL: |  1  2  3  4  5  6  7  8  9 10 11 12 13 14 15 16 17 18 19 |
---------------+----------------------------------------------------------+-----
Fighting       | 1 2 3 4 5 6 7 8 9 10 12 | 12.0
Conjurations   | 2 3 4 5 6 8 10 13 16 17 | 17.0
Air Magic      | 6 7 8 10 12 14 15 16 18 19 | 19.0
Throwing       | 1 |  1.0
Armour         | 1 4 6 7 8 9 10 12 | 12.0
Dodging        | 4 6 7 8 9 10 12 14 15 | 15.0
Invocations    | 1 2 4 5 6 7 |  7.0
Evocations     | 2 4 6 7 |  7.0
Shields        | 3 4 5 6 8 9 10 | 10.0
Spellcasting   | 5 6 8 9 10 12 | 12.4
Ice Magic      | 1 |  1.0
Summonings     | 2 |  2.0
Staves         | 2 |  2.0
Stealth        | 5 |  5.4

Action                   |  1- 3 |  4- 6 |  7- 9 | 10-12 | 13-15 | 16-18 | 19-21 || total
-------------------------+-------+-------+-------+-------+-------+-------+-------++-------
Melee: Unarmed           |     4 |       |       |       |       |       |       ||     4
       Spear             |    25 |    25 |    36 |     8 |       |       |       ||    94
       Peck              |     4 |     2 |     9 |    15 |    22 |    34 |       ||    86
       Kick              |     3 |     5 |    12 |    22 |    31 |    51 |       ||   124
       Short sword       |       |       |       |    33 |       |       |       ||    33
       Flail             |       |       |       |    40 |   117 |    45 |       ||   202
       Trident           |       |       |       |       |       |    84 |     1 ||    85
Throw: Dart              |       |     1 |     2 |       |     4 |       |       ||     7
       Throwing net      |       |       |       |       |       |       |     1 ||     1
 Cast: Shock             |    41 |    82 |    99 |    91 |    86 |    41 |     2 ||   442
       Static Discharge  |       |     2 |    35 |   103 |   167 |   141 |    18 ||   466
       Airstrike         |       |       |    15 |   175 |   314 |   542 |    56 ||  1102
       Swiftness         |       |       |       |     1 |       |     1 |     2 ||     4
       Freezing Cloud    |       |       |       |       |    36 |    57 |    11 ||   104
       Summon Lightning  |       |       |       |       |    44 |    72 |     8 ||   124
       Lightning Bolt    |       |       |       |       |       |    24 |     7 ||    31
       Mephitic Cloud    |       |       |       |       |       |     4 |     1 ||     5
       Conjure Ball Ligh |       |       |       |       |       |     2 |       ||     2
       Orb of Destructio |       |       |       |       |       |     2 |     2 ||     4
Invok: Channel Magic     |       |       |     1 |     4 |     3 |    17 |     2 ||    27
Evoke: Wand              |       |       |     8 |     4 |     3 |    13 |     2 ||    30
       Box of beasts     |       |       |       |       |     1 |     5 |       ||     6
       Condenser vane    |       |       |       |       |       |     1 |     1 ||     2
  Use: Potion            |       |       |     2 |     2 |     1 |     9 |     6 ||    20
       Scroll            |       |       |       |    11 |    10 |    19 |     2 ||    42
 Stab: Sleeping          |     2 |     1 |       |     1 |       |       |       ||     4
       Distracted        |       |       |       |       |     3 |     8 |       ||    11
Armor: Robe              |    10 |     5 |    14 |     8 |       |       |       ||    37
       Leather armour    |       |       |       |     8 |       |       |       ||     8
       Troll leather arm |       |       |       |    17 |    71 |    45 |    14 ||   147
Dodge: Dodged            |    27 |    18 |    57 |   158 |   282 |   366 |    57 ||   965
Block: Buckler           |       |     8 |    26 |    55 |    98 |    22 |       ||   209
       Kite shield       |       |       |       |       |       |   283 |    39 ||   322
       Reflection        |       |       |       |       |       |     1 |       ||     1
